 Dungeon Crawl Stone Soup version 0.28.0-1-gb440e238dd (console) character file.

Game seed: 8381938294348043773

794 Kloppie the Cleaver (level 7, -3/68 HPs)
             Began as a Hill Orc Fighter on Feb 20, 2022.
             Slain by an ogre (16 damage)
             ... on level 5 of the Dungeon.
             The game lasted 00:07:07 (4582 turns).

Kloppie the Cleaver (Hill Orc Fighter)              Turns: 4582, Time: 00:07:08

Health: -3/68      AC:  9    Str: 21    XL:     7   Next: 89%
Magic:  7/7        EV:  9    Int:  8    God:
Gold:   105        SH:  4    Dex: 10    Spells: 6/6 levels left

rFire   . . .      SeeInvis .   a - +0 war axe
rCold   . . .      Faith    .   c - +0 buckler
rNeg    . . .      Spirit   .   b - +0 scale mail
rPois   .          Reflect  .   (no helmet)
rElec   .          Harm     .   j - +0 cloak
rCorr   .          Rampage  .   x - +0 pair of gloves
Will    .....                   (no boots)
Stlth   ..........              (no amulet)
HPRegen 0.21/turn               (no ring)
MPRegen 0.10/turn               (no ring)

@: mighty
A: no striking features
a: no special abilities


You were on level 5 of the Dungeon.
You visited 1 branch of the dungeon, and saw 5 of its levels.
You also visited: Ossuary.

You collected 105 gold pieces.

Inventory:

Hand Weapons
 a - a +0 war axe (weapon)
 w - the +8 morningstar of the Big Fish {freeze, rPois Str+8 Dex-2}
   (You found it on level 4 of the Dungeon)

   It freezes those it strikes, dealing additional cold damage.
   It can also slow down cold-blooded creatures.
   Str:       It affects your strength (+8).
   Dex:       It affects your dexterity (-2).
   rPois:     It protects you from poison.
Missiles
 o - 3 atropa-tipped darts (quivered)
Armour
 b - a +0 scale mail (worn)
 c - a +0 buckler (worn)
 j - a +0 cloak (worn)
 l - a +0 tower shield
 x - a +0 pair of gloves (worn)
Jewellery
 t - a ring of willpower
Wands
 v - a wand of polymorph (2)
Scrolls
 d - a scroll of silence {unknown}
 e - 6 scrolls of identify {unknown}
 g - a scroll of enchant armour {unknown}
 i - a scroll of magic mapping {unknown}
 k - a scroll of fog {unknown}
 n - a scroll of blinking {unknown}
 u - 2 scrolls of amnesia {unknown}
Potions
 f - a potion of brilliance {unknown}
 h - a potion of curing
 m - 2 potions of cancellation {unknown}
 p - a potion of heal wounds {unknown}
 q - a potion of might
 r - a potion of degeneration {unknown}
 s - a potion of mutation {unknown}
 z - a potion of invisibility {unknown}


   Skills:
 + Level 8.1 Fighting
 + Level 8.3 Axes
 - Level 3.2 Armour
 - Level 3.2 Shields


You had 6 spell levels left.
You didn't know any spells.
Your spell library contained the following spells:

 Spells                   Type           Power      Damage    Failure   Level
 Leda's Liquefaction      Hex/Erth       0%         N/A       100%        4
 Lee's Rapid Deconstruct  Erth           0%         3d5*      100%        5
 Statue Form              Tmut/Erth      0%         N/A       100%        6


Dungeon Overview and Level Annotations

Branches:
Dungeon (5/15)            Ossuary (visited)
 Temple: D:4-7

Altars:
Elyvilon
Hepliaklqana
Makhleb
Okawaru
Xom


Message History

The bullfrog skeleton hits you.
You completely miss the bullfrog skeleton.
The bullfrog skeleton is lightly damaged.
You block the bullfrog skeleton's attack.
You hit the bullfrog skeleton.
The bullfrog skeleton is moderately damaged.
The bullfrog skeleton barely misses you.
The bullfrog skeleton hits you but does no damage.
You slice the bullfrog skeleton!!
You destroy the bullfrog skeleton!
No target in view!
No target in view!
HP restored.
e - 6 scrolls labelled HOTHYOBIRGH (gained 1)
An ogre comes into view. It is wielding a +0 giant spiked club.
Found a book of Minor Magic.
You hit the ogre but do no damage.
The ogre hits you with a +0 giant spiked club!!
You hit the ogre.
The ogre is lightly wounded.
The ogre hits you with a +0 giant spiked club!
* * * LOW HITPOINT WARNING * * *
You are too injured to fight recklessly!
You are too injured to fight recklessly!
You feel very mighty all of a sudden. The ogre barely misses you.
You hit the ogre.
The ogre is moderately wounded.
The ogre hits you with a +0 giant spiked club!
* * * LOW HITPOINT WARNING * * *
You closely miss the ogre.
The ogre is moderately wounded.
You hit the ogre.
The ogre is heavily wounded.
The ogre hits you with a +0 giant spiked club.
* * * LOW HITPOINT WARNING * * *
You closely miss the ogre.
The ogre is heavily wounded.
The ogre hits you with a +0 giant spiked club!
You die...

.......# .......#
.......# #.....#
##.....## #.......#
###########.O.....#
#.........#.@.....#
#.........#......##
#..................:
#...........####....
#......###### ###
#####......#
.....###.#.#
...>..##.#.#
...........#
...........#
...........#


You could see an ogre.

Vanquished Creatures
  A water moccasin (D:5)
  A necrophage (D:4)
  A phantom (D:3)
  2 elf zombies (Ossuary)
  3 centaur zombies (Ossuary)
  2 human zombies (Ossuary)
  A bullfrog skeleton (D:5)
  A hound skeleton (D:4)
  2 mummies (Ossuary)
  5 adders
  An adder zombie (Ossuary)
  4 worms
  2 dart slugs
  4 orcs (D:3)
  9 bats
  A bat zombie (D:2)
  4 endoplasms
  3 giant cockroaches
  9 goblins
  7 hobgoblins
  4 quokkas
  4 ball pythons
  2 ball python skeletons (D:2)
  3 frilled lizards
  8 hobgoblin zombies (Ossuary)
  A jackal zombie (Ossuary)
  4 kobolds
  7 kobold zombies (Ossuary)
  12 orc zombies (Ossuary)
  14 rats
  A rat zombie (Ossuary)
123 creatures vanquished.

Notes
Turn   | Place    | Note
-------+----------+-------------------------------------------
     0 | D:1      | Kloppie the Hill Orc Fighter began the quest for the Orb.
     0 | D:1      | Reached XP level 1. HP: 19/19 MP: 1/1
   169 | D:1      | Reached XP level 2. HP: 22/27 MP: 2/2
   545 | D:1      | Reached XP level 3. HP: 34/34 MP: 3/3
  1323 | D:2      | Reached XP level 4. HP: 41/41 MP: 4/4
  1366 | D:2      | Reached skill level 5 in Fighting
  1757 | D:3      | Found a hazy altar of Hepliaklqana.
  1758 | D:3      | Noticed a phantom
  1783 | D:3      | HP: 2/42 [phantom (6)]
  1788 | D:3      | Killed a phantom
  1789 | D:3      | Reached skill level 5 in Axes
  1789 | D:3      | Reached XP level 5. HP: 16/49 MP: 5/5
  2130 | D:3      | Found a shimmering altar of Xom.
  2133 | D:3      | Found an iron altar of Okawaru.
  2135 | D:3      | Found a white marble altar of Elyvilon.
  2567 | D:3      | Found a burning altar of Makhleb.
  3134 | D:4      | Found a sand-covered staircase.
  3138 | Ossuary  | Entered an ossuary
  3271 | Ossuary  | Reached XP level 6. HP: 45/57 MP: 6/6
  3492 | Ossuary  | Reached XP level 7. HP: 35/66 MP: 7/7
  4073 | D:4      | Identified the +8 morningstar of the Big Fish {freeze,
                  | rPois Str+8 Dex-2}
  4316 | D:5      | Entered Level 5 of the Dungeon
  4582 | D:5      | Slain by an ogre

Illustrated notes

Levels and vault maps discovered:
D:1:      lemuel_arrival_tunnels, layout_loops_cross
D:2:      wad_pebble_path, layout_basic, serial_undead, serial_undead_b,
          serial_undead_d, serial_undead_c, serial_undead_b
D:3:      layout_basic, mainiacjoe_overflow_paths,
          nicolae_overflow_hidden_temple
D:4:      layout_gridville, enter_ossuary_5, roderic_lattice_a
D:5:      minmay_diamond_boxcup, layout_rooms, minmay_temple_entry_butterflies,
          serial_shops, nicolae_shop_trees, minmay_tree_intersection,
          uniq_pikel, uniq_menkaure, uniq_crazy_yiuf_cottage

Skill      XL: |  1  2  3  4  5  6  7 |
---------------+----------------------+-----
Axes           | 3 4 5 6 7 8 |  8.3
Fighting       | 4 5 6 7 8 |  8.1
Armour         | |  3.2
Shields        | |  3.2

Action                   |  1- 3 |  4- 6 |  7- 9 || total
-------------------------+-------+-------+-------++-------
Melee: War axe           |   110 |   193 |    50 ||   353
  Use: Potion            |       |     3 |     1 ||     4
Armor: Scale mail        |    64 |    71 |    28 ||   163
Dodge: Dodged            |    47 |    68 |    17 ||   132
Block: Buckler           |    25 |    32 |     7 ||    64
